cohdb
Replays
Latest Replays
All Replays
Popular Replays
Top Player Replays
Match Explorer
How It Works
Community
CoH3 Stats
Reddit
Sign in to upload your games and track your stats! →
Sign in with Steam
2v2_Pachino Farmlands_(Rough Start, Somehow Won)
Match 30160619
Overview
Messages
Build Orders
End
Kradschützen Motorcycle Team
Panzerpioneer Squad
Selects Battlefield Espionage Battlegroup
Panzergrenadier Squad
250 Light Carrier
Construct Light Support Kompanie
Assault Grenadier Squad
Selects Intel Disruption Beacon
Combat Half-tracks
Panzerjäger Mechanized Group
Panzerjäger Squad
Selects Plunder
2.5-tonne Medical Truck
Fire Support Elements
Pak 38 Anti-tank Gun Team
Construct Panzerarmee Kommand
Construct Panzerarmee Kommand
Vehicle Survival Package
Panzerjäger Mechanized Group
Selects 250/3 Funkpanzerwagen
MG34 Team
Panzer III L Medium Tank
Selects Anti-Tank Incendiary Munitions
Selects Firestorm
Panzer III L Medium Tank
Panzer III L Medium Tank
Firestorm
Panzerpioneer Squad
Emergency Repair Kits
Selects Operation Skorpion
Panzerpioneer Squad
Firestorm
Rapid Advance
Panzerpioneer Squad
Nashorn101
Devrye
PapaZor
Virgile[FR]
0
0
Comments
sign in to comment!
No comments posted yet!